Unix NetHack Version 5.0.0-0 post-release - last build Jun 10 2026 00:39:30 (3ee93aec679c4c4259841fe613dc97188e26a321,branch:main).

Game began 2026-07-05 01:04:13, ended 2026-07-05 02:20:55.

Eymerich, chaotic male elven Priest

                                          ----              -------
   -----                   -----   n      |..|              |..--.---
   |....-                  |...---.       |..----           |.<.....--
   |.....--                |....|.-       --....----        |........|
  --......--             ---......-        --......----------@f..^...|
  |..........|          --.........|        ----.............B.....---
  |..........--         |..........--         --....------------...|
 --...........-----     --..........------ ---|....--  |..--   --.--
 |.....--.........----   |..---......--..---.--....|  --..^0|   ---
 |....-||......--....|   ---- |..................------.....--------------
 |.....--......----..|       --.........^............................|...|
 |..............|--..| -----.|....^............---------.....------......--
 ---........--.--|...---.....................---     ---.....-- --......0.-----
   --......----- |.................---.|.|...|      --........| |.............|
    -.....--     |................--  -----.--  -----....---.-- --...^...---..|
   |...----      --..............>|      --.-- --.|...--.- ---   |.......| ----
   |...|          --..............|      |...---......| -.       |-.....--
    ----           --..---........--     --.|.........--..       |0...---
                    |..| ---.......|      ----.----.....-        --..--
                    ----   --.--.---         ---  --.|.--         ----
                            ------                 -----
Eymerich the Adept           St:15 Dx:10 Co:15 In:10 Wi:20 Ch:10  Chaotic
Dlvl:6  $:64 HP:0(42) Pw:90(90) AC:5  Xp:6 T:7026  Blind

Latest messages:
 In what direction?
 Whoops...
 Your bear trap closes on your foot!
 Your movements are slowed slightly because of your load.
 You are caught in a bear trap.
 You are caught in a bear trap.
 You are caught in a bear trap.
 You are caught in a bear trap.
 You are caught in a bear trap.
 You are caught in a bear trap.
 You are caught in a bear trap.
 The raven bites!
 The raven misses!
 The raven just misses!
 The raven blinds you!
 You can see again.
 You are caught in a bear trap.
 The raven bites!
 The raven blinds you!
 You are caught in a bear trap.
 The raven bites!
 You are caught in a bear trap.
 The raven just misses!
 The raven bites!
 The raven bites!
 The raven bites!
 The raven misses!
 You are caught in a bear trap.
 The raven bites!
 You stop.  Puffa is in the way!
 The raven bites!
 You are caught in a bear trap.
 The raven misses!
 The raven bites!
 Your leg feels better.
 Your movements are now unencumbered.
 The raven bites!
 You are caught in a bear trap.
 The raven bites!
 The raven misses!
 The raven bites!
 You are caught in a bear trap.
 You hear some noises.
 The raven bites!
 You die...
 Do you want your possessions identified? [ynq] (y)
 Do you want to see your attributes? [ynq] (y)
 Do you want an account of creatures vanquished? [ynaq] (y)
 Do you want to see your conduct and achievements? [ynq] (y)
 Do you want to see the dungeon overview? [ynq] (y)

Inventory:
 Coins    ('$')
  $ - 64 gold pieces
 Weapons  (')')
  N - 4 +0 arrows
  T - 7 +0 elven arrows (in quiver)
  v - 3 poisoned +0 arrows
  n - a +0 bow (alternate weapon; not wielded)
  Z - a +0 sling
  h - 22 +0 darts
  U - 5 +0 darts
  q - 2 blessed +1 daggers
  G - 9 +0 daggers
  D - 2 blessed +1 elven daggers
  x - 2 +0 elven daggers
  F - a +0 orcish dagger
  t - a +0 aklys
  a - a blessed +1 mace (weapon in right hand)
 Armor    ('[')
  l - a +0 pair of leather gloves (being worn)
  A - a +0 pair of jumping boots (being worn)
  w - a +0 cloak of protection (being worn)
  b - a +0 robe
 Comestibles  ('%')
  e - a clove of garlic
  m - 3 lembas wafers
  R - a pear
  f - a sprig of wolfsbane
  B - a tripe ration
 Scrolls  ('?')
  X - a scroll of amnesia
  r - a scroll of enchant weapon
  Q - a scroll of stinking cloud
 Potions  ('!')
  p - a potion of gain energy
  H - a potion of levitation
  J - a potion of object detection
  c - a potion of restore ability
  d - 4 potions of holy water
  V - a potion of water
 Wands    ('/')
  L - a wand of striking (0:3)
  k - a wand of striking named empty (0:0)
  I - a wand of teleportation (0:0)
 Tools    ('(')
  j - a leather drum
  o - a brass lantern
  K - a can of grease (0:9)
  i - a magic marker (0:20)
  y - a mirror
  P - a mirror
 Gems/Stones  ('*')
  M - an agate stone named soft
  E - 2 worthless pieces of black glass named soft
  C - 2 worthless pieces of red glass named soft
  O - a worthless piece of yellow glass named junk
  W - a worthless piece of yellowish brown glass
  Y - 10 rocks

Eymerich the Priest's attributes:

Background:
 You were an Adept, a level 6 elven Priest.
 You were chaotic, on a mission for Mars
 who was opposed by Mercury (lawful) and Venus (neutral).
 You were right-handed.
 You were in the Gnomish Mines, on level 6.
 You entered the dungeon 7026 turns ago.
 It was nighttime.
 You had 538 experience points, 102 more were needed to attain level 7.

Basics:
 You had 0 out of 42 hit points.
 You had all 90 energy points (spell power).
 Your armor class was 5.
 Your wallet contained 64 zorkmids.
 Autopickup was off.

Final Characteristics:
 Your strength was 15 (limit:18).
 Your dexterity was 10 (limit:18).
 Your constitution was 15 (limit:16).
 Your intelligence was 10 (limit:20).
 Your wisdom was 20 (limit:20).
 Your charisma was 10 (limit:18).

Final Status:
 You were temporarily blind.
 You were trapped in a bear trap.
 You weren't hungry.
 You were unencumbered.
 You were wielding a mace.
 You were skilled in mace.

Final Attributes:
 You were piously aligned.
 You were sleep resistant.
 You were telepathic.
 You had infravision.
 You could jump.
 You were protected.
 You are dead.

Miscellaneous:
 You didn't encounter any bones levels.
 Total elapsed playing time was 1 hour, 16 minutes and 40 seconds.

Major events:
 Turn
    1: Eymerich the chaotic elven Priest entered the dungeon
  866: attained the rank of Acolyte (level 3)
 2816: entered the Gnomish Mines
 4964: attained the rank of Adept (level 6)
 7026: killed by a raven

Spells:
 Name                 Level Category     Fail Retention
 protection             1   clerical       0%   61%-70%
 cure sickness          3   healing       63%   51%-75%
 light                  1   clerical       0%   71%-80%

Skills:
 Fighting Skills
   bare handed combat [Unskilled]
 Weapon Skills
   club               [Unskilled]
   mace               [Skilled]
   morning star       [Unskilled]
   flail              [Unskilled]
   hammer             [Unskilled]
   quarterstaff       [Unskilled]
   polearms           [Unskilled]
   spear              [Unskilled]
   trident            [Unskilled]
   lance              [Unskilled]
   bow                [Unskilled]
   sling              [Unskilled]
   crossbow           [Unskilled]
   dart               [Unskilled]
   shuriken           [Unskilled]
   boomerang          [Unskilled]
   unicorn horn       [Unskilled]
 Spellcasting Skills
   healing spells     [Unskilled]
   divination spells  [Unskilled]
   clerical spells    [Basic]

Voluntary challenges:
 Character rerolling was not enabled.
 You never genocided any monsters.
 You never polymorphed an object.
 You never changed form.
 You used no wishes.
Achievements:
 You attained the rank of Acolyte.
 You entered a shop.
 You entered the Gnomish Mines.
 You attained the rank of Adept.

 The Dungeons of Doom: levels 1 to 4
    Level 1:
       A fountain.
    Level 2: "iron bars"
       An altar to Mars.
    Level 3:
       A potion shop.
    Level 4: "locked box, locked chest"
       A general store, a sink.
       Stairs down to The Gnomish Mines.
 The Gnomish Mines: levels 5 to 7
    Level 5:
    Level 6: <- You were here.
       Final resting place for
          you, killed by a raven.
    Level 7:


Vanquished creatures:
  a large mimic
  3 leprechauns
  a dust vortex
  a gnome mummy
  a bugbear
  2 wood nymphs
  2 rock piercers
  2 rock moles
  a pony
  a shrieker
  4 gnome leaders
  3 gray oozes
  a straw golem
  4 giant ants
  a little dog
  2 floating eyes
  a kitten
  7 dwarves
  a homunculus
  a centipede
  a giant bat
  a dwarf zombie
  a werejackal
  6 iguanas
  2 acid blobs
  5 hobbits
  a large kobold
  a hobgoblin
  6 giant rats
  a yellow mold
  a red mold
 19 gnomes
 10 garter snakes
  7 geckos
  2 jackals
  3 foxes
  3 kobolds
  a goblin
  4 sewer rats
  5 grid bugs
  a bat
  4 lichens
  a kobold zombie
  5 newts
131 creatures vanquished.

No species were genocided or became extinct.

Game over:
                       ----------
                      /          \
                     /    REST    \
                    /      IN      \
                   /     PEACE      \
                  /                  \
                  |     Eymerich     |
                  |      64 Au       |
                  |   killed by a    |
                  |      raven       |
                  |                  |
                  |                  |
                  |       2026       |
                 *|     *  *  *      | *
        _________)/\\_//(\/(/\)/\//\/|_)_______

Goodbye Eymerich the Priest...

You died in The Gnomish Mines on dungeon level 6 with 2530 points,
and 64 pieces of gold, after 7026 moves.
You were level 6 with a maximum of 42 hit points when you died.

